 Dungeon Crawl Stone Soup version 0.23-a0-386-g9c9d49f (webtiles) character file.

23 iamserjio the Ducker (level 2, 3/14 HPs)
             Began as a Felid Chaos Knight on Oct 28, 2018.
             Was a Plaything of Xom.
             Quit the game on level 1 of the Dungeon.
             The game lasted 00:01:49 (912 turns).

iamserjio the Ducker (Felid Chaos Knight)            Turns: 912, Time: 00:01:50

Health: 3/14       AC:  1    Str:  8    XL:     2   Next: 75%
Magic:  3/3        EV: 19    Int: 13    God:    Xom [..*...]
Gold:   99         SH:  0    Dex: 15    Spells: 1/1 levels left
                                        Lives:  0   Deaths: 0

rFire    . . .     SeeInvis +     - Unarmed
rCold    . . .     Gourm    .   (shield unavailable)
rNeg     . . .     Faith    .   (armour unavailable)
rPois    .         Spirit   .   (helmet unavailable)
rElec    .         Reflect  .   (cloak unavailable)
rCorr    .         Harm     .   (gloves unavailable)
MR       .....                  (boots unavailable)
Stlth    ++........             (no amulet)
HPRegen  0.04/turn              (no ring)
MPRegen  0.08/turn              (no ring)

@: lethally poisoned (3 -> -4), quick
A: very small, no armour, no weapons or thrown items, stealth, claws 1, fangs 3,
see invisible, carnivore, speed 1, shaggy fur 1, slow metabolism 1, sharp paws
a: Renounce Religion


You were on level 1 of the Dungeon.
You worshipped Xom.
You were a toy of Xom.
You were completely stuffed.

You visited 1 branch of the dungeon, and saw 2 of its levels.

You collected 99 gold pieces.

Inventory:

Missiles
 g - 17 stones
Scrolls
 b - a scroll of remove curse {unknown}
 c - a scroll of magic mapping {unknown}
 d - 2 scrolls of enchant weapon {unknown}
 f - a scroll of enchant armour {unknown}
Comestibles
 a - 2 rations
 h - 5 chunks of flesh


   Skills:
 - Level 3.0 Fighting
 * Level 3.9 Dodging
 * Level 2.2 Stealth
 + Level 3.2 Unarmed Combat


You had one spell level left.
You didn't know any spells.
Your spell library was empty.

Dungeon Overview and Level Annotations

Branches:
Dungeon (2/15)

Altars:


Innate Abilities, Weirdness & Mutations

You cannot wear armour.
You are incapable of wielding weapons or throwing items.
Your paws allow you to move quietly. (Stealth)
You have sharp claws.
You have razor-sharp teeth.
You have supernaturally acute eyesight. (SInv)
You are carnivorous and can eat meat at any time.
You cover ground quickly.
You are covered in fur. (AC +1)
You have a slow metabolism.
Your sharp claws are effective at attacking unaware monsters.


Message History

* * * LOW HITPOINT WARNING * * *
The frilled lizard barely misses you. The adder bites you.
* * * LOW HITPOINT WARNING * * *
It was a potion of curing.
You feel better.
Xom roars with laughter!
The adder closely misses you. The frilled lizard misses you.
You closely miss the frilled lizard. Your bite misses the frilled lizard.
The adder closely misses you. The frilled lizard misses you.
You miss the frilled lizard. The adder barely misses you.
You scratch the frilled lizard but do no damage.
You bite the frilled lizard. The adder misses you.
The frilled lizard misses you.
You scratch the frilled lizard.
You kill the frilled lizard!
The adder closely misses you. The adder bites you.
* * * LOW HITPOINT WARNING * * *
You are lethally poisoned!
The adder poisons you!
You aren't carrying any potions.
Unknown command.

......#########...##
####.###########.##
#.............##.#
#.##.########.##.###
#.##.# #......#
#.##.########..###.#
#.##.##........# #.#
#.##.##.#####.§###§#
.....##.### #.§S@§§#
..........# #.######
#.####....# #.#
#.###..#..###.#
#.....###.....#
#####..#..#####
######....#
#...>...#.#
#.#######>#


You could see an adder.

Vanquished Creatures
  2 giant cockroaches (D:1)
  3 goblins
  4 hobgoblins (D:1)
  A quokka (D:1)
  2 bats (D:1)
  3 frilled lizards (D:1)
  4 kobolds (D:1)
  4 rats (D:1)
23 creatures vanquished.

Vanquished Creatures (others)
  4 toadstools (D:1)
4 creatures vanquished.

Grand Total: 27 creatures vanquished

Notes
Turn   | Place    | Note
-------+----------+-------------------------------------------
     0 | D:1      | iamserjio the Felid Chaos Knight began the quest for the
                  | Orb.
     0 | D:1      | Reached XP level 1. HP: 10/10 MP: 2/2
   165 | D:1      | XOM: harmless Conj miscast
   175 | D:1      | Reached skill level 1 in Stealth
   359 | D:1      | Reached XP level 2. HP: 10/14 MP: 3/3
   905 | D:1      | XOM: smoke on damage
   912 | D:1      | Quit the game

Vault maps used:
D:1:      scummos_arrival_hexagon, corexii_leaking_fountain,
          minmay_gold_behind_fungi
D:2:      minmay_hexomino_c4

Skill      XL: |  1  2 |
---------------+-------+-----
Stealth        | 1 2 |  2.2
Fighting       | |  3.0
Dodging        | |  3.9
Unarmed Combat | |  3.2

Action                   || total
-------------------------++-------
Melee: Unarmed           ||    51
       Bite              ||     4
  Use: Potion            ||     1
 Stab: Sleeping          ||     7
  Eat: Chunk             ||     7
Armor: Skin              ||     1
Dodge: Dodged            ||    38

Table legend:
 A = Non-vault XP
 B = Vault XP
 C = Vault XP percentage of total XP
 D = Non-vault monster count
 E = Vault monster count
 F = Vault count percentage of total count
                 A         B        C        D         E       F
            +---------+---------+-------+---------+---------+-------
      Total |      33 |       1 |   2.9 |      22 |       1 |   4.3
            +---------+---------+-------+---------+---------+-------
        D:1 |      32 |       1 |   3.0 |      21 |       1 |   4.5
        D:2 |       1 |       0 |   0.0 |       1 |       0 |   0.0
            +---------+---------+-------+---------+---------+-------
